[Event "Team 45 45 League T61"]
[Site "Internet Chess Club"]
[Date "2014.05.29"]
[Round "1"]
[White "tamtu"]
[Black "chessjav"]
[Result "1-0"]
[WhiteElo "1954"]
[BlackElo "1873"]
[Opening "Grünfeld: Russian, Prins variation"]
[ECO "D97"]
[Time "19:02:22"]
[TimeControl "2700+45"]

1. d4 Nf6 2. c4 g6 3. Nc3 d5 4. Nf3 Bg7 5. Qb3 dxc4 6. Qxc4 O-O 7. e4 Na6 8. Be2
c5 9. d5 e6 10. O-O exd5 11. exd5 Bf5 12. Be3 Re8 13. Rad1 Qd6 14. Rfe1 Rad8 15.
Ng5 h6 16. Nf3 Ne4 17. Nxe4 Bxe4 18. Qc1 Qb6 19. Bxh6 Bxb2 20. Qf4 Bc3 21. Bc4
Bxe1 22. Ng5 Bf5 23. d6 Rd7 24. g4 Qb4 25. gxf5 Bxf2+ 26. Kxf2 Qb2+ 27. Kf1 b5
28. fxg6 {Black resigns} 1-0

[Event "Team 45 45 League T61"]
[Site "Internet Chess Club"]
[Date "2014.06.02"]
[Round "1"]
[White "WillC"]
[Black "TheRailgun"]
[Result "0-1"]
[WhiteElo "1681"]
[BlackElo "1871"]
[Opening "Réti opening"]
[ECO "A05"]
[Time "19:00:57"]
[TimeControl "2700+45"]

1. Nf3 Nf6 2. b3 g6 3. Bb2 d5 4. e3 Bg7 5. Be2 O-O 6. O-O c5 7. d4 cxd4 8. exd4
Nc6 9. Nbd2 Bf5 10. c4 Rc8 11. a3 Re8 12. Rc1 Bh6 13. Ra1 Qc7 14. Ne5 Nxe5 15.
dxe5 Ne4 16. Nf3 dxc4 17. Bxc4 Red8 18. Qe2 Nd2 19. Bc1 Nxc4 20. Bxh6 Bd3 21.
Qe1 Bxf1 22. Kxf1 Nb6 23. Qe4 Qc6 24. Qh4 Qb5+ 25. Kg1 Qxb3 26. h3 Rd1+ 27. Rxd1
Qxd1+ 28. Kh2 Qd7 29. Bg5 Nd5 30. Qh6 f6 31. Bh4 b5 32. g4 Rc3 33. exf6 exf6 34.
Nd2 Rxa3 35. Ne4 Qe7 36. g5 Qxe4 37. gxf6 Qf4+ {White resigns} 0-1

[Event "Team 45 45 League T61"]
[Site "Internet Chess Club"]
[Date "2014.05.30"]
[Round "1"]
[White "Constrictor"]
[Black "Innes"]
[Result "1/2-1/2"]
[WhiteElo "1644"]
[BlackElo "1613"]
[Opening "Réti v Dutch"]
[ECO "A04"]
[Time "17:02:43"]
[TimeControl "2700+45"]

1. Nf3 f5 2. b3 Nc6 3. Bb2 d6 4. d4 Nf6 5. d5 Nb8 6. e3 e5 7. dxe6 Bxe6 8. Nd4
Bd7 9. Bd3 g6 10. Nd2 Bg7 11. O-O Nc6 12. N4f3 O-O 13. Re1 d5 14. c4 Be6 15. Ng5
Re8 16. Nxe6 Rxe6 17. Nf3 Kh8 18. Ng5 Re7 19. cxd5 Nxd5 20. Bc4 Bxb2 21. Bxd5
Bxa1 22. Qxa1+ Ne5 23. Nf7+ Rxf7 24. Bxf7 Qf6 25. Bc4 Rd8 26. Qc1 {Game drawn by
mutual agreement} 1/2-1/2

[Event "Team 45 45 League T61"]
[Site "Internet Chess Club"]
[Date "2014.06.02"]
[Round "1"]
[White "matein7"]
[Black "Goli"]
[Result "0-1"]
[WhiteElo "1766"]
[BlackElo "1808"]
[Opening "King's Indian: Torre attack"]
[ECO "A48"]
[Time "16:30:18"]
[TimeControl "2700+45"]

1. d4 Nf6 2. Nf3 g6 3. Bg5 Bg7 4. Nbd2 O-O 5. e4 d6 6. Be2 c5 7. c3 cxd4 8. Nxd4
Nc6 9. Be3 h6 10. O-O a6 11. Qc2 Bd7 12. Nc4 b5 13. Nxc6 Bxc6 14. Nd2 Rc8 15. f3
Bb7 16. Rfd1 Qc7 17. Qb3 Nd7 18. a4 Nc5 19. Bxc5 Qxc5+ 20. Kh1 Bc6 21. axb5 axb5
22. Ra5 Rb8 23. c4 Qf2 24. Qd3 bxc4 25. Nxc4 Bb5 26. b3 Bxc4 27. bxc4 Rb2 28.
Bf1 Rc8 29. Rb5 Rc2 30. Rb4 Ra8 31. Qd5 Rc8 32. Rb7 Bf6 33. Rb3 Be5 34. Qd3 Qh4
35. h3 Qg3 36. f4 Qxf4 37. g3 Qf2 {White resigns} 0-1

[Event "Team 45 45 League T61"]
[Site "Internet Chess Club"]
[Date "2014.06.02"]
[Round "1"]
[White "room-matt"]
[Black "elmaestro"]
[Result "1-0"]
[WhiteElo "1837"]
[BlackElo "1764"]
[Opening "Sicilian: Grand Prix attack"]
[ECO "B21"]
[Time "15:00:33"]
[TimeControl "2700+45"]

1. e4 c5 2. f4 d6 3. Nf3 Nc6 4. Bc4 e6 5. Nc3 Nf6 6. d3 Be7 7. O-O a6 8. Re1 O-O
9. e5 dxe5 10. fxe5 Ng4 11. Re4 Ngxe5 12. Nxe5 Nxe5 13. Rxe5 Qd4+ 14. Re3 b5 15.
Bb3 Bg5 16. Qe2 Bb7 17. Kh1 Bxe3 18. Bxe3 Qd6 19. Rf1 Rac8 20. Qg4 Qe5 21. Bh6
Kh8 22. Bf4 Qf6 23. Re1 Rg8 24. h4 Qd4 25. Nd1 c4 26. dxc4 bxc4 27. Ba4 c3 28.
b3 f5 29. Qg3 Be4 30. Be5 Qd2 31. Bxc3 Rxc3 32. Nxc3 Bxg2+ 33. Kg1 f4 34. Qf2
Qxc3 35. Kxg2 f3+ 36. Kh3 e5 37. Bd7 Rf8 38. Re3 Qd4 39. Bc6 e4 40. Bxe4 Qd7+
41. Kh2 Qd6+ 42. Kg1 Rf4 43. Bxf3 Qd8 44. c4 g5 45. Qb2+ Rd4 46. Re8+ Qxe8 47.
Qxd4+ Kg8 48. Bd5+ Kf8 49. Qf6+ {Black resigns} 1-0

[Event "Team 45 45 League T61"]
[Site "Internet Chess Club"]
[Date "2014.06.01"]
[Round "1"]
[White "ILRE"]
[Black "tsia68"]
[Result "0-1"]
[WhiteElo "1623"]
[BlackElo "1838"]
[Opening "English opening"]
[ECO "A16"]
[Time "12:08:08"]
[TimeControl "2700+45"]

1. c4 Nf6 2. Nc3 g6 3. Nf3 Bg7 4. g3 O-O 5. d3 d6 6. Bg2 e5 7. O-O Nc6 8. Rb1 a5
9. Bg5 h6 10. Bxf6 Bxf6 11. a3 Bg7 12. b4 axb4 13. axb4 Be6 14. b5 Ne7 15. Nd2
e4 16. Ncxe4 f5 17. Nxd6 Qxd6 18. Bxb7 Ra7 19. Bg2 Ra2 20. Nb3 f4 21. Nc1 Ra7
22. Qc2 Nf5 23. Nb3 Nd4 24. Nxd4 Bxd4 25. Qd2 Qe5 26. Be4 Bh3 27. Bd5+ Kg7 28.
Rfe1 fxg3 29. e3 {White resigns} 0-1

[Event "Team 45 45 League T61"]
[Site "Internet Chess Club"]
[Date "2014.06.02"]
[Round "1"]
[White "zugknightly"]
[Black "mongmong"]
[Result "1-0"]
[WhiteElo "1817"]
[BlackElo "1606"]
[Opening "Nimzo-Indian: Kmoch variation"]
[ECO "E20"]
[Time "20:00:35"]
[TimeControl "2700+45"]

1. d4 e6 2. c4 Nf6 3. Nc3 Bb4 4. f3 Nc6 5. e4 d5 6. cxd5 exd5 7. e5 Ng8 8. f4
Nh6 9. a3 Ba5 10. Nf3 Bg4 11. Be3 Nf5 12. Bf2 Bxf3 13. gxf3 Bb6 14. Ne2 Nh4 15.
Ng3 Ng6 16. Be3 Qh4 17. Qd2 O-O-O 18. Bb5 Nce7 19. Bd3 Kb8 20. O-O-O Nc8 21. Kb1
Qe7 22. Rc1 Rde8 23. h4 f6 24. f5 Nf8 25. e6 g6 26. Bf4 Nd6 27. Bxd6 Qxd6 28.
Ne2 gxf5 29. Bxf5 Nxe6 30. Rc2 Ng7 31. Bh3 Re7 32. Nc3 a6 33. Re1 Rhe8 34. Rxe7
Rxe7 35. Na4 Ba7 36. Qc3 c6 37. Qd3 Ne6 38. Qf5 Bxd4 39. Re2 Nc7 40. Qc8+ Ka7
41. Rg2 Re8 42. Qf5 Qe5 43. Qxh7 b5 44. Rg7 Bb6 45. Nxb6 Kxb6 46. Bd7 Rd8 47.
Bf5 d4 48. Be4 d3 49. Bxd3 Qd6 50. Be4 Ne6 51. Rb7+ Kc5 52. b4+ Kd4 53. Bc2 Qe5
54. Qd3# {Black checkmated} 1-0

[Event "Team 45 45 League T61"]
[Site "Internet Chess Club"]
[Date "2014.06.01"]
[Round "1"]
[White "Agarnez"]
[Black "lacibacsi"]
[Result "1-0"]
[WhiteElo "2009"]
[BlackElo "1968"]
[Opening "King's Indian: Gligoric-Taimanov system"]
[ECO "E92"]
[Time "16:00:20"]
[TimeControl "2700+45"]

1. d4 Nf6 2. c4 g6 3. Nc3 Bg7 4. e4 d6 5. Nf3 O-O 6. Be2 e5 7. Be3 Ng4 8. Bg5 f6
9. Bh4 Nc6 10. d5 Ne7 11. Nd2 Nh6 12. f3 g5 13. Bf2 f5 14. c5 Ng6 15. g3 g4 16.
fxg4 Nxg4 17. Bxg4 fxg4 18. cxd6 cxd6 19. Be3 Bd7 20. Qb3 Qe7 21. O-O-O b5 22.
Rhf1 Rfc8 23. Kb1 a5 24. Nxb5 a4 25. Qd3 Bxb5 26. Qxb5 Rcb8 27. Qe2 h5 28. Nc4
Rb7 29. Rc1 Rab8 30. Rc2 Nh8 31. Rf5 Qd7 32. Rxh5 Ng6 33. Rg5 {Black resigns}
1-0

[Event "Team 45 45 League T61"]
[Site "Internet Chess Club"]
[Date "2014.05.31"]
[Round "1"]
[White "Tobiasdelmonte"]
[Black "kar120c"]
[Result "0-1"]
[WhiteElo "1792"]
[BlackElo "1826"]
[Opening "Scotch gambit: Dubois-Réti defense"]
[ECO "C55"]
[Time "20:12:29"]
[TimeControl "2700+45"]

1. e4 e5 2. Nf3 Nc6 3. d4 exd4 4. Bc4 Nf6 5. e5 d5 6. Bb5 Ne4 7. Nxd4 Bd7 8.
Bxc6 bxc6 9. O-O Bc5 10. e6 fxe6 11. Nb3 Bb6 12. Qh5+ g6 13. Qh6 Qf6 14. Be3
Qxb2 15. N1d2 Nxd2 16. Bxd2 Qxc2 17. Qg7 O-O-O 18. Rfc1 Qf5 19. Nd4 Bxd4 20.
Qxd4 Rdf8 21. Rab1 e5 22. Qxa7 Kd8 23. Rb8+ Ke7 24. Bb4+ Ke6 25. Rxf8 Rxf8 26.
Bxf8 Qxf8 27. Qxc7 Qa3 28. Re1 Qc3 29. Rf1 d4 30. Qd8 d3 31. Qg8+ Kd6 32. Qxh7
Bf5 33. g4 Qd4 34. h3 Be4 35. Qg8 Ke7 36. Qg7+ Ke6 37. Qg8+ Ke7 38. Rb1 d2 39.
Rb7+ Kf6 40. Qf7+ Kg5 41. Qe7+ Kf4 42. Qf8+ Bf5 43. Rb4 d1=Q+ 44. Kh2 Kf3 45.
Rxd4 Qxd4 46. Qa3+ Bd3 47. Qf8+ Ke2 48. Kg3 Bf5 49. Qa3 Qxf2# {White checkmated}
0-1

[Event "Team 45 45 League T61"]
[Site "Internet Chess Club"]
[Date "2014.06.01"]
[Round "1"]
[White "amicusUK"]
[Black "rusano"]
[Result "1/2-1/2"]
[WhiteElo "1676"]
[BlackElo "1668"]
[Opening "King's Indian: East Indian defense"]
[ECO "A48"]
[Time "09:59:01"]
[TimeControl "2700+45"]

1. d4 Nf6 2. Nf3 g6 3. e3 d5 4. c3 Bg7 5. Bd3 O-O 6. O-O Bg4 7. Nbd2 Re8 8. Qb3
Qc8 9. Ne5 c6 10. f3 Be6 11. Qc2 Nbd7 12. f4 Nxe5 13. fxe5 Nd7 14. Nf3 f6 15.
exf6 exf6 16. Bd2 f5 17. c4 Nb6 18. b3 Bf7 19. Rfe1 Bh6 20. Rac1 Re7 21. cxd5
Nxd5 22. e4 Bxd2 23. Qxd2 fxe4 24. Rxe4 Rxe4 25. Bxe4 Qg4 26. Re1 Re8 27. Ne5
Qf4 {Game drawn by mutual agreement} 1/2-1/2

[Event "Team 45 45 League T61"]
[Site "Internet Chess Club"]
[Date "2014.06.02"]
[Round "1"]
[White "kidviper"]
[Black "IshanR"]
[Result "0-1"]
[WhiteElo "1967"]
[BlackElo "1851"]
[Opening "Scotch gambit: Dubois-Réti defense"]
[ECO "C55"]
[Time "09:05:18"]
[TimeControl "2700+45"]

1. e4 e5 2. Nf3 Nc6 3. Bc4 Nf6 4. d4 exd4 5. e5 d5 6. Bb5 Ne4 7. Nxd4 Bc5 8. Be3
O-O 9. Bxc6 bxc6 10. O-O Qe8 11. c3 Bd7 12. Re1 Bb6 13. f3 Nc5 14. Nb3 Na4 15.
Qd2 Qe7 16. Bxb6 axb6 17. Nc1 Bf5 18. Re2 Rfe8 19. f4 Nc5 20. Na3 Ne4 21. Qe1
Qc5+ 22. Kh1 Nxc3 23. Nb3 Qb4 24. Re3 d4 25. Nxd4 Qxd4 26. Qxc3 Qxf4 27. Rae1 c5
28. Rf3 Qg5 29. Qe3 Qxe3 30. Rfxe3 Be6 31. Nb5 Rxa2 32. Nxc7 Rc8 33. Nxe6 fxe6
34. Rb3 Ra6 35. Kg1 Rd8 36. Kf2 Kf7 37. Ree3 Rd2+ 38. Re2 Rxe2+ 39. Kxe2 Kg6 40.
Rf3 b5 41. Kd3 h5 42. Rg3+ Kh6 43. h3 Ra4 44. Re3 Rd4+ 45. Kc2 Rd5 46. Rb3 b4
47. Re3 g5 48. Kb3 Kg6 49. Kc4 Kf5 50. g3 Rxe5 51. Rxe5+ Kxe5 52. Kxc5 Ke4 53.
Kxb4 Kf3 54. Kc4 e5 55. b4 e4 56. b5 e3 57. b6 e2 58. b7 e1=Q 59. b8=Q Qxg3 60.
Qb7+ Kf2 61. Qb2+ Kg1 62. Qd2 Qf4+ 63. Qxf4 gxf4 64. Kd3 f3 65. Ke3 f2 66. Kf3
f1=Q+ 67. Kg3 Qf2# {White checkmated} 0-1

[Event "Team 45 45 League T61"]
[Site "Internet Chess Club"]
[Date "2014.05.29"]
[Round "1"]
[White "Grebochess"]
[Black "kidcobra"]
[Result "1-0"]
[WhiteElo "1654"]
[BlackElo "1801"]
[Opening "Scotch gambit: Dubois-Réti defense"]
[ECO "C55"]
[Time "14:03:04"]
[TimeControl "2700+45"]

1. e4 e5 2. Nf3 Nc6 3. d4 exd4 4. Bc4 Nf6 5. e5 d5 6. exf6 dxc4 7. Qe2+ Be6 8.
O-O gxf6 9. Re1 Qd7 10. Qxc4 O-O-O 11. Qa4 Rg8 12. Bf4 Qd5 13. Kh1 Bg4 14. Nbd2
Bd6 15. Bxd6 Bxf3 16. gxf3 Qxd6 17. Ne4 Qf4 18. Qb3 d3 19. Re3 d2 20. Rd1 Nd4
21. Qxf7 Nxf3 22. Ng3 Ng5 23. Qb3 Qxf2 24. Re2 Nh3 25. Qe6+ Kb8 26. Qxh3 Rxg3
27. Rxf2 Rxh3 28. Kg2 Rh6 29. Rfxd2 Rxd2+ 30. Rxd2 Kc8 31. Kf3 Rh5 32. Kg4 Rg5+
33. Kf4 Ra5 34. a3 b6 35. h4 Ra4+ 36. Kg3 Re4 37. Rf2 Re6 38. Rd2 Rd6 39. Rf2
Kd7 40. Kg4 Ke7 41. Kh5 Kf7 42. Kh6 Rd4 43. h5 Rd5 44. Rg2 Rc5 45. c3 Ke6 46.
Re2+ Re5 47. Rh2 f5 48. Kxh7 f4 49. Kg6 f3 50. Rf2 Rf5 51. h6 Rf6+ 52. Kg7 Rf7+
53. Kg8 Ke7 54. h7 Rf8+ 55. Kg7 Rf7+ 56. Kg6 Rf6+ 57. Kg5 Rf8 58. Rxf3 Rxf3 59.
h8=Q Rf8 60. Qe5+ Kd8 61. Qd5+ Ke7 62. Qe5+ Kd7 63. Qg7+ Ke8 64. Qxc7 Rg8+ 65.
Kf6 Rf8+ 66. Ke6 Rf6+ 67. Kxf6 b5 68. Qe7# {Black checkmated} 1-0

[Event "Team 45 45 League T61"]
[Site "Internet Chess Club"]
[Date "2014.05.31"]
[Round "1"]
[White "kabindra"]
[Black "netballgirl"]
[Result "1-0"]
[WhiteElo "1820"]
[BlackElo "1779"]
[Opening "French: Rubinstein variation"]
[ECO "C03"]
[Time "18:00:15"]
[TimeControl "2700+45"]

1. e4 e6 2. d4 d5 3. Nd2 dxe4 4. Nxe4 Nd7 5. Nf3 Ngf6 6. Bg5 Be7 7. Nxf6+ Bxf6
8. h4 h6 9. Bxf6 Nxf6 10. Bd3 O-O 11. c3 Bd7 12. Qc2 Bc6 13. O-O-O Ng4 14. Rdg1
Qf6 15. Kb1 Rfe8 16. Rh3 e5 17. dxe5 Nxe5 18. Nxe5 Rxe5 19. g4 Rae8 20. a3 Re1+
21. Rxe1 Rxe1+ 22. Ka2 Qe6+ 23. c4 Qxg4 24. Rg3 Qd1 25. Qc3 Qa1+ 26. Kb3 f6 27.
Qxf6 Qd1+ 28. Kc3 Qc1+ 29. Bc2 Re3+ 30. fxe3 Qe1+ 31. Kb3 Qxg3 32. Qe6+ Kf8 33.
Bg6 Qf3 34. Qc8+ Ke7 35. Qxc7+ Ke6 36. Qxg7 Qxe3+ 37. Ka2 Ba4 38. Bf7+ Kf5 39.
Qg6+ Ke5 40. Qe6+ Kf4 41. Qxh6+ Kf3 42. Bd5+ Ke2 43. Qxe3+ Kxe3 44. Bxb7 Kd4 45.
b3 Be8 46. Bc8 a5 47. a4 Kc5 48. Bg4 Bg6 49. h5 Bh7 50. Be6 Kb4 51. Kb2 Be4 52.
Bf7 Bf3 53. Bg6 Bd1 54. h6 Bxb3 55. h7 {Black resigns} 1-0

[Event "Team 45 45 League T61"]
[Site "Internet Chess Club"]
[Date "2014.05.30"]
[Round "1"]
[White "OzymandiasVII"]
[Black "John3v16"]
[Result "0-1"]
[WhiteElo "1681"]
[BlackElo "1659"]
[Opening "Dutch defense"]
[ECO "A40"]
[Time "11:20:56"]
[TimeControl "2700+45"]

1. d4 e6 2. c4 f5 3. Nf3 Nf6 4. Bg5 h6 5. Bc1 Bb4+ 6. Nc3 O-O 7. g3 Ne4 8. Qc2
d5 9. cxd5 exd5 10. Bg2 c6 11. O-O Bd6 12. a3 Qf6 13. b4 Nd7 14. Bb2 a6 15. Na4
Rb8 16. Rac1 Qd8 17. Nc5 Be7 18. Ne6 Qe8 19. Nxf8 Nxf8 20. Ne5 Nd7 21. Bxe4 fxe4
22. Nxd7 Bxd7 23. Kg2 Qh5 24. h4 Qg4 25. Rh1 Bd6 26. Rce1 Rf8 27. Qd2 Rxf2+ 28.
Kxf2 Qxg3+ 29. Kf1 e3 30. Qxe3 Qxe3 31. Bc1 Bh3+ {White resigns} 0-1